 Dungeon Crawl Stone Soup version 0.26.0-10-g1f06aea511 (webtiles) character file.

Game seed: 16337061428438478407

898 Borgoz the Skirmisher (level 8, -4/68 HPs)
             Began as a Ghoul Gladiator on Jan 14, 2021.
             Slain by Maggie
             ... wielding a +0 morningstar
              (7 damage)
             ... on level 6 of the Dungeon.
             The game lasted 00:08:50 (5231 turns).

Borgoz the Skirmisher (Ghoul Gladiator)             Turns: 5231, Time: 00:08:51

Health: -4/68      AC:  5    Str: 18    XL:     8   Next: 7%
Magic:  7/7        EV: 14    Int:  3    God:
Gold:   376        SH:  0    Dex: 12    Spells: 7/7 levels left

rFire    . . .     SeeInvis .   p - +2 falchion (elec)
rCold    + . .     Faith    .   (no shield)
rNeg     + + +     Spirit   .   i - +0 troll leather armour {Purgy}
rPois    ∞         Reflect  .   c - +0 helmet
rElec    .         Harm     .   (no cloak)
rCorr    .         Rampage  .   (no gloves)
Will     .....     Rnd*Tele +   (no boots)
Stlth    +.........             n - amulet of inaccuracy (curse)
HPRegen  0.00/turn              j - ring of teleportation (curse)
MPRegen  0.10/turn              (no ring)

@: hasted, very quick
A: claws 1, cold resistance 1, negative energy resistance 3, inhibited
regeneration, torment resistance, unbreathing
a: no special abilities


You were on level 6 of the Dungeon.
You visited 1 branch of the dungeon, and saw 6 of its levels.
You also visited: Sewer.

You collected 376 gold pieces.

Inventory:

Hand Weapons
 p - a +2 falchion of electrocution (weapon)
Armour
 c - a +0 helmet (worn)
 h - a +0 scale mail
 i - a +0 troll leather armour (worn) {Purgy}
Jewellery
 j - a cursed ring of teleportation (left claw)
 m - an uncursed ring of magical power {unknown}
 n - a cursed amulet of inaccuracy (around neck)
Wands
 b - a wand of paralysis (10)
 g - a wand of iceblast (12)
Scrolls
 a - a scroll of remove curse {unknown}
 d - 3 scrolls of enchant weapon
 k - 2 scrolls of blinking
 l - a scroll of fear
 o - 5 scrolls of teleportation
Potions
 f - 3 potions of haste


   Skills:
 + Level 5.3 Fighting
 + Level 4.8 Long Blades
 - Level 1.7 Throwing
 + Level 3.8 Armour
 + Level 4.8 Dodging


You had 7 spell levels left.
You didn't know any spells.
Your spell library was empty.

Dungeon Overview and Level Annotations

Branches:
Dungeon (6/15)              Sewer (visited)
 Temple: D:4-7

Altars:
Makhleb
Ru
Xom
Yredelemnul

Annotations:
D:6 Maggie


Innate Abilities, Weirdness & Mutations

You thrive by killing the living.
You are immune to poison.
You have sharp fingernails.
Your flesh is cold resistant. (rC+)
You are immune to negative energy. (rN+++)
You do not regenerate when monsters are visible.
You are immune to unholy pain and torment.
You can survive without breathing.


Message History

You miss Maggie.
Maggie is heavily wounded.
Maggie misses you.
You barely miss Maggie.
Maggie is heavily wounded.
You closely miss Maggie.
Maggie is heavily wounded.
Maggie gives herself a magical halo, but it quickly sputters out.
Maggie gestures at you while chanting. The bolt of fire hits you!!
* * * LOW HITPOINT WARNING * * *
You hit Maggie. Lightning courses through Maggie!!
Maggie is almost dead.
Maggie closely misses you.
You barely miss Maggie.
Maggie is almost dead.
You barely miss Maggie.
Maggie is almost dead.
Maggie hits you with a +0 morningstar!
You die...

#. #. #. ##.
.> #. ## #
##.#.#.#
##.##......###
.......@.....+
##.##.#@)..###
....(...#
#.#.##.###
#... .# #.. .#
#.. .# #. .#


You could see Maggie.

Vanquished Creatures
  Sigmund (D:3)
  Purgy (Sewer)
  A centaur (D:5)
  A bullfrog (D:6)
  A howler monkey (D:4)
  A crimson imp (D:5)
  3 hounds (D:5)
  A jelly (D:5)
  2 bullfrog skeletons (D:5)
  A centaur skeleton (D:6)
  Ijyb (D:3)
  2 iguanas
  A worker ant (D:4)
  2 adders
  2 ufetubi (D:5)
  An ooze (D:2)
  An adder zombie (D:6)
  3 worms (D:4)
  3 dart slugs
  2 leopard geckos
  8 orcs
  5 ball pythons
  5 bats (D:2)
  4 giant cockroaches
  3 hobgoblins
  3 jackals (D:5)
  4 quokkas
  9 frilled lizards
  3 goblins
  3 kobolds
  12 rats
90 creatures vanquished.

Vanquished Creatures (others)
  3 plants (D:4)
3 creatures vanquished.

Grand Total: 93 creatures vanquished

Notes
Turn   | Place    | Note
-------+----------+-------------------------------------------
     0 | D:1      | Borgoz the Ghoul Gladiator began the quest for the Orb.
     0 | D:1      | Reached XP level 1. HP: 17/17 MP: 0/0
   341 | D:1      | Reached XP level 2. HP: 24/25 MP: 1/1
   953 | D:2      | Reached XP level 3. HP: 30/30 MP: 2/2
   968 | D:2      | Reached skill level 1 in Armour
  1102 | D:2      | Found a basalt altar of Yredelemnul.
  1888 | D:3      | Reached skill level 3 in Fighting
  1963 | D:3      | Reached XP level 4. HP: 37/38 MP: 3/3
  2031 | D:3      | Noticed Sigmund
  2057 | D:3      | Killed Sigmund
  2058 | D:3      | Reached XP level 5. HP: 22/46 MP: 4/4
  2270 | D:3      | Found a sacrificial altar of Ru.
  2302 | D:3      | Noticed Ijyb
  2329 | D:3      | Killed Ijyb
  2330 | D:3      | Reached XP level 6. HP: 44/52 MP: 5/5
  2703 | D:4      | Reached skill level 4 in Fighting
  2833 | D:4      | Found a glowing drain.
  2926 | Sewer    | Entered a sewer
  2977 | Sewer    | Noticed Purgy
  3001 | Sewer    | Killed Purgy
  3779 | D:4      | Reached XP level 7. HP: 60/60 MP: 6/6
  4021 | D:5      | Entered Level 5 of the Dungeon
  4075 | D:5      | Found a burning altar of Makhleb.
  4486 | D:5      | Reached skill level 5 in Fighting
  4857 | D:5      | Found a shimmering altar of Xom.
  4857 | D:5      | Found a burning altar of Makhleb.
  5170 | D:6      | Reached XP level 8. HP: 68/68 MP: 7/7
  5203 | D:6      | Noticed Maggie
  5228 | D:6      | HP: 3/68 [Maggie/bolt of fire (22)]
  5231 | D:6      | Slain by Maggie

Illustrated notes

Levels and vault maps discovered:
D:1:      minmay_arrival_shoal_huts, layout_loops_ring, minmay_misc_feat_iff
D:2:      layout_loops_cross, yredelemnul_altar_generic
D:3:      layout_basic, nicolae_ru_awakened_eye, uniq_ijyb, uniq_sigmund
D:4:      wad_lake_hut, layout_basic, portal_sewer_entry_e, due_unseen_surprise
D:5:      layout_basic, grunt_temple_overflow_champion_of_chaos, basic_altar
D:6:      layout_loops_corners, minmay_temple_entry_large_hall, uniq_maggie

Skill      XL: |  1  2  3  4  5  6  7 |
---------------+----------------------+-----
Dodging        | 3 4 |  4.8
Long Blades    | 3 4 |  4.8
Armour         | 1 2 3 |  3.8
Fighting       | 3 4 5 |  5.3
Throwing       | |  1.7

Action                   |  1- 3 |  4- 6 |  7- 9 || total
-------------------------+-------+-------+-------++-------
Melee: Long sword        |   108 |   161 |     2 ||   271
       Falchion          |       |       |   100 ||   100
Throw: Throwing net      |       |     7 |     2 ||     9
Evoke: Wand              |       |     1 |       ||     1
  Use: Scroll            |     7 |       |     4 ||    11
       Potion            |       |     6 |     1 ||     7
 Stab: Sleeping          |     2 |       |       ||     2
       Held in net/web   |       |     1 |       ||     1
       Paralysed         |       |     5 |       ||     5
Armor: Leather armour    |    31 |     8 |       ||    39
       Scale mail        |       |    72 |       ||    72
       Troll leather arm |       |     4 |    32 ||    36
Dodge: Dodged            |    71 |   116 |   108 ||   295
       Rpst.: Long sword |    26 |    34 |     1 ||    61
       Falchion          |       |       |    24 ||    24
